 Dungeon Sprint DCSS version 0.23-a0-100-g33897af (webtiles) character file.

4011 Kidiri the Eclecticist (level 10, -2/58 HPs)
             Began as a Deep Elf Fire Elementalist on Aug 18, 2018.
             Was a High Priest of Vehumet.
             Slain by a killer bee (5 damage)
             ... in the Dungeon (Sprint III: "The Ten Rune Challenge").
             The game lasted 00:11:47 (2028 turns).

Kidiri the Eclecticist (Deep Elf Fire Elementalist) Turns: 2028, Time: 00:11:48

Health: -2/58      AC:  3    Str:  7    XL:     10   Next: 3%
Magic:  6/32       EV: 17    Int: 24    God:    Vehumet [*****.]
Gold:   10         SH:  0    Dex: 15    Spells: 10/42 levels left

rFire    . . .     SeeInvis .   j - +0 dagger
rCold    . . .     Gourm    .   (no shield)
rNeg     . . .     Faith    .   b - +1 robe {Archmagi}
rPois    .         Spirit   .   (no helmet)
rElec    .         Reflect  .   (no cloak)
rCorr    .         Harm     .   (no gloves)
MR       +....     NoTele   +   (no boots)
Stlth    ++........             (no amulet)
HPRegen  0.19/turn              (no ring)
MPRegen  0.23/turn              (no ring)

@: lethally poisoned (-2 -> -7), very slightly contaminated
A: hooves 1, strong 1
a: Renounce Religion


You were in the Dungeon.
You worshipped Vehumet.
Vehumet was extremely pleased with you.
You were very hungry.

You visited 1 branch You collected 10 gold pieces.

Inventory:

Hand Weapons
 j - a +0 dagger (weapon)
Armour
 b - a +1 robe of the Archmagi (worn)
 r - a +2 robe of magic resistance
Wands
 m - a wand of digging (11)
Scrolls
 n - 3 scrolls of remove curse
 p - a scroll of torment {unknown}
Potions
 f - a potion of haste
 g - 2 potions of magic
 h - 2 potions of berserk rage
 k - a potion of might
 o - 3 potions of flight
 q - a potion of lignification
Comestibles
 c - 4 rations


   Skills:
 + Level 4.9 Fighting
 + Level 5.9 Short Blades
 + Level 5.0 Armour
 + Level 7.6 Dodging
 - Level 2.4 Stealth
 * Level 16.7 Spellcasting
 + Level 10.5 Conjurations
 + Level 11.0 Fire Magic
 + Level 5.0 Air Magic
 + Level 4.2 Poison Magic


You had 10 spell levels left.
You knew the following spells:

 Your Spells              Type           Power        Failure   Level  Hunger
a - Flame Tongue          Conj/Fire      #####        1%          1    None
b - Throw Flame           Conj/Fire      ######       1%          2    None
c - Conjure Flame         Conj/Fire      #######.     1%          3    None
d - Inner Flame           Hex/Fire       ######..     1%          3    None
e - Sticky Flame          Conj/Fire      #######.     1%          4    None
f - Ignite Poison         Fire/Tmut/Pois ######..     1%          3    None
g - Fireball              Conj/Fire      #######...   1%          5    None
h - Bolt of Fire          Conj/Fire      #######...   1%          6    ####...
i - Shock                 Conj/Air       ####         1%          1    None
j - Force Lance           Conj/Tloc      ######..     1%          4    None

Your spell library contained the following spells:

 Spells                   Type           Power        Failure   Level  Hunger
 Bolt of Magma            Conj/Fire/Erth ######....   1%          5    None
 Animate Skeleton         Necr           N/A          2%          1    None
 Apportation              Tloc           ####..       2%          1    None
 Confusing Touch          Hex            ####..       2%          1    None
 Summon Small Mammal      Summ           ####         2%          1    None
 Cause Fear               Hex            ####......   26%         4    None
 Dragon Form              Tmut           ####......   100%        7    #####..
 Dragon's Call            Summ           ####......   100%        9    #######


Dungeon Overview and Level Annotations

Branches:
Dungeon (1/1)

Altars:
Cheibriados
Dithmenos
Elyvilon
Fedhas
Gozag
Hepliaklqana
Kikubaaqudgha
Makhleb
Nemelex Xobeh
Okawaru
Qazlal
Ru
Sif Muna
Trog
Uskayaw
Vehumet
Wu Jian
Xom
Yredelemnul
Zin
The Shining One
Beogh
Jiyva
Lugonu

Annotations:
D exclusion: door


Innate Abilities, Weirdness & Mutations

You have large cloven feet.
Your muscles are strong. (Str +2)


Message History

Press: ? - help, Dir - move target cursor
Okay, then.
You hear an angry buzzing noise. x2
The killer bee stings you.
* * * LOW HITPOINT WARNING * * *
The killer bee closely misses you. The killer bee stings you.
* * * LOW HITPOINT WARNING * * *
You are poisoned.
The killer bee poisons you!
You hear an angry buzzing noise.
Unknown command.
You feel sick. The killer bee barely misses you. x2
The killer bee stings you.
* * * LOW HITPOINT WARNING * * *
The killer bee stings you.
* * * LOW HITPOINT WARNING * * *
Unknown command.
* * * LOW HITPOINT WARNING * * *
You feel sick. The killer bee closely misses you. The killer bee stings you.
You die...

##########################
≈§§§.#.'...+.#.#.#y†.y.≈≈#
§§≈#§#.#(..##.#.#.##†.y≈≈#
.)§#.#.#)).#.#.#y#.# yy≈≈≈
§§§#.§.#)..##.#y#.## y≈≈≈
▓▓▓▓▓▓▓▓▓▓▓#.#y#@#.# %.%
##.#y#.## %. +.#y#.#.# %
##.#.#.## #+#####


You could see 3 killer bees.

Vanquished Creatures
  A centaur warrior (D)
  Erica (D)
  An unseen horror (D)
  A deep elf mage (D)
  A queen bee (D)
  A shadow (D)
  A spatial vortex (D)
  A necrophage (D)
  2 centaurs (D)
  An earth elemental (D)
  A water elemental (D)
  14 killer bees (D)
  A jelly (D)
  A wizard (D)
  A necromancer (D)
  3 humans (D)
  A kobold demonologist (D)
  An ooze (D)
  A phantom (D)
  3 rats (D)
38 creatures vanquished.

Vanquished Creatures (others)
  2 draconian scorchers (D)
  A yaktaur (D)
  6 hellions (D)
  A fire vortex (D)
10 creatures vanquished.

Grand Total: 48 creatures vanquished

Notes
Turn   | Place    | Note
-------+----------+-------------------------------------------
     0 | D        | Kidiri the Deep Elf Fire Elementalist began the quest for the Orb.
     0 | D        | Reached XP level 1. HP: 10/10 MP: 6/6
    27 | D        | Killed a yaktaur
    35 | D        | Reached skill level 4 in Spellcasting
    75 | D        | Killed a hellion
    76 | D        | Killed a hellion
   120 | D        | Killed a hellion
   122 | D        | Killed a hellion
   123 | D        | Killed a hellion
   136 | D        | Reached skill level 5 in Spellcasting
   136 | D        | Reached XP level 2. HP: 15/15 MP: 6/10
   140 | D        | Learned a level 2 spell: Throw Flame
   185 | D        | Reached skill level 6 in Spellcasting
   185 | D        | Reached XP level 3. HP: 18/19 MP: 1/12
   187 | D        | Killed a hellion
   188 | D        | Killed a white draconian scorcher
   190 | D        | Learned a level 3 spell: Conjure Flame
   194 | D        | Learned a level 3 spell: Inner Flame
   221 | D        | Gained mutation: You possess an exceptional clarity of mind. [potion of mutation]
   221 | D        | Gained mutation: You have a pair of small antennae on your head. [potion of mutation]
   222 | D        | Lost mutation: You have a pair of small antennae on your head. [potion of mutation]
   222 | D        | Lost mutation: You possess an exceptional clarity of mind. [potion of mutation]
   222 | D        | Gained mutation: Your spells are a little harder to cast, but a little more powerful. [potion of mutation]
   222 | D        | Lost mutation: Your spells are a little harder to cast, but a little more powerful. [potion of mutation]
   222 | D        | Gained mutation: Your skin changes colour to match your surroundings (Stealth+). [potion of mutation]
   223 | D        | Lost mutation: Your skin changes colour to match your surroundings (Stealth+). [potion of mutation]
   223 | D        | Gained mutation: Your muscles are strong. (Str +2) [potion of mutation]
   223 | D        | Gained mutation: You are robust. (+10% HP) [potion of mutation]
   223 | D        | Lost mutation: You are robust. (+10% HP) [potion of mutation]
   223 | D        | Gained mutation: You have large cloven feet. [potion of mutation]
   243 | D        | Killed a white draconian scorcher
   263 | D        | Noticed a water elemental
   266 | D        | Killed a water elemental
   266 | D        | Reached skill level 8 in Spellcasting
   266 | D        | Reached skill level 5 in Fire Magic
   266 | D        | Reached XP level 4. HP: 24/24 MP: 8/16
   280 | D        | Learned a level 4 spell: Sticky Flame
   317 | D        | Found a radiant altar of Vehumet.
   318 | D        | Found a deep blue altar of Sif Muna.
   318 | D        | Found an ancient bone altar of Kikubaaqudgha.
   318 | D        | Noticed a wizard
   320 | D        | Killed a wizard
   320 | D        | Reached skill level 9 in Spellcasting
   320 | D        | Reached skill level 5 in Conjurations
   332 | D        | Became a worshipper of Vehumet
   386 | D        | Found a glowing silver altar of Zin.
   388 | D        | Found a glowing golden altar of the Shining One.
   388 | D        | Found a white marble altar of Elyvilon.
   388 | D        | Noticed a deep elf mage
   397 | D        | Noticed an earth elemental
   397 | D        | Killed a deep elf mage
   397 | D        | Reached skill level 13 in Spellcasting
   397 | D        | Reached XP level 5. HP: 10/28 MP: 6/23
   397 | D        | Reached XP level 6. HP: 11/32 MP: 6/24
   397 | D        | Reached XP level 7. HP: 13/36 MP: 6/26
   404 | D        | Learned a level 5 spell: Fireball
   411 | D        | Learned a level 6 spell: Bolt of Fire
   587 | D        | Found a hide-covered altar of Uskayaw.
   587 | D        | Found a roughly hewn altar of Beogh.
   587 | D        | Found an iron altar of Okawaru.
   587 | D        | Found a bloodstained altar of Trog.
   587 | D        | Found an ornate altar of the Wu Jian Council.
   587 | D        | Noticed a human
   587 | D        | Noticed a human
   591 | D        | Killed a human
   591 | D        | Reached skill level 1 in Fighting
   591 | D        | Reached skill level 1 in Short Blades
   591 | D        | Reached skill level 1 in Armour
   591 | D        | Killed a human
   591 | D        | Reached * piety under Vehumet
   591 | D        | Offered knowledge of Magic Dart by Vehumet.
   591 | D        | Reached skill level 14 in Spellcasting
   682 | D        | Found a basalt altar of Yredelemnul.
   682 | D        | Found a shadowy altar of Dithmenos.
   682 | D        | Found a sacrificial altar of Ru.
   774 | D        | Noticed a shadow
   801 | D        | Killed a shadow
   801 | D        | Offered knowledge of Shock by Vehumet.
   801 | D        | Reached ** piety under Vehumet
   801 | D        | Reached XP level 8. HP: 45/45 MP: 14/28
   870 | D        | Learned a level 1 spell: Shock
   901 | D        | Found a blossoming altar of Fedhas.
   901 | D        | Found a stormy altar of Qazlal.
   902 | D        | Found a snail-covered altar of Cheibriados.
   902 | D        | Found a burning altar of Makhleb.
   902 | D        | Found a hazy altar of Hepliaklqana.
   902 | D        | Found a shimmering altar of Xom.
   902 | D        | Found an opulent altar of Gozag.
   902 | D        | Found a sparkling altar of Nemelex Xobeh.
   902 | D        | Found a corrupted altar of Lugonu.
   902 | D        | Found a viscous altar of Jiyva.
  1388 | D        | Noticed Erica
  1390 | D        | Killed Erica
  1390 | D        | Offered knowledge of Ignite Poison by Vehumet.
  1390 | D        | Reached skill level 5 in Dodging
  1390 | D        | Reached skill level 15 in Spellcasting
  1390 | D        | Reached skill level 10 in Fire Magic
  1472 | D        | Learned a level 3 spell: Ignite Poison
  1764 | D        | Noticed a centaur warrior
  1765 | D        | Reached *** piety under Vehumet
  1766 | D        | Reached XP level 9. HP: 52/52 MP: 20/30
  1767 | D        | Killed a centaur warrior
  1767 | D        | Offered knowledge of Force Lance by Vehumet.
  1767 | D        | Reached skill level 5 in Short Blades
  1767 | D        | Reached skill level 16 in Spellcasting
  1767 | D        | Reached skill level 10 in Conjurations
  1788 | D        | Learned a level 4 spell: Force Lance
  1969 | D        | Noticed an unseen horror
  1972 | D        | Killed an unseen horror
  1972 | D        | Reached **** piety under Vehumet
  2012 | D        | Noticed a queen bee
  2013 | D        | Offered knowledge of Bolt of Magma by Vehumet.
  2015 | D        | Reached ***** piety under Vehumet
  2016 | D        | Killed a queen bee
  2017 | D        | Reached XP level 10. HP: 36/58 MP: 10/32
  2018 | D        | Reached skill level 5 in Armour
  2018 | D        | Reached skill level 5 in Air Magic
  2028 | D        | Slain by a killer bee

Vault maps used:
D:        dungeon_sprint_mu

Skill      XL: |  1  2  3  4  5  6  7  8  9 10 |
---------------+-------------------------------+-----
Spellcasting   | 5 6 8 13 14 15 16 | 16.7
Conjurations   | 2 3 4 8 9 10 | 10.5
Fire Magic     | 4 5 8 9 10 11 | 11.0
Fighting       | 2 3 4 |  4.9
Short Blades   | 3 4 5 |  5.9
Armour         | 2 3 4 5 |  5.0
Dodging        | 4 6 7 |  7.6
Air Magic      | 3 4 5 |  5.0
Poison Magic   | 4 |  4.2
Stealth        | |  2.4

Action                   |  1- 3 |  4- 6 |  7- 9 | 10-12 || total
-------------------------+-------+-------+-------+-------++-------
 Cast: Flame Tongue      |    21 |     9 |    38 |       ||    68
       Conjure Flame     |     1 |     1 |     3 |     1 ||     6
       Sticky Flame      |       |     2 |     3 |       ||     5
       Fireball          |       |       |     9 |       ||     9
       Inner Flame       |       |       |     3 |       ||     3
       Bolt of Fire      |       |       |     7 |     2 ||     9
       Force Lance       |       |       |     7 |       ||     7
  Use: Scroll            |     4 |       |       |     2 ||     6
       Potion            |     3 |       |       |     2 ||     5
  Eat: Ration            |       |       |     1 |       ||     1
       Chunk             |       |       |     1 |       ||     1
Armor: Robe              |       |       |     4 |       ||     4
Dodge: Dodged            |     5 |     1 |    15 |    17 ||    38

Table legend:
 A = Non-vault XP
 B = Vault XP
 C = Vault XP percentage of total XP
 D = Non-vault monster count
 E = Vault monster count
 F = Vault count percentage of total count
                 A         B        C        D         E       F
            +---------+---------+-------+---------+---------+-------
      Total |       0 |    5731 | 100.0 |       0 |      38 | 100.0
            +---------+---------+-------+---------+---------+-------
          D |       0 |    5731 | 100.0 |       0 |      38 | 100.0
            +---------+---------+-------+---------+---------+-------
